 Dungeon Crawl Stone Soup version 0.18.1-50-g88ac8fd (webtiles) character file.

974 Gargoyl the Covered (level 7, -7/57 HPs)
             Began as a Demonspawn Abyssal Knight on Sept 22, 2016.
             Was a Priest of Lugonu.
             Killed from afar by Drunkenshrew's ghost (39 damage)
             ... with a bolt of negative energy
             ... on level 5 of the Dungeon.
             The game lasted 00:11:46 (5859 turns).

Gargoyl the Covered (Demonspawn Abyssal Knight)     Turns: 5859, Time: 00:11:47

Health: -7/57      AC: 11    Str: 15    XL:     7   Next: 95%
Magic:  26/26      EV: 10    Int: 17    God:    Lugonu [***...]
Gold:   209        SH:  8    Dex: 12    Spells: 0 memorised, 6 levels left

rFire  . . .     SeeInvis .     d - +1 flail "Transmigrator" {elec, rC++ MR- MP+9 Int+4}
rCold  + + .     Gourm    .     m - +0 scale mail
rNeg   . . .     Faith    .     (no shield)
rPois  .         Spirit   .     t - +0 helmet
rElec  .         Dismiss  .     p - +0 cloak
rCorr  .         Reflect  +     (no gloves)
SustAt .         Harm     .     (no boots)
MR     .....                    u - brooch of Shielding {Reflect SH+8}
Stlth  ..........               (no ring)
                                f - ring of magical power

@: heavily drained, not resistant to hostile enchantments, extremely unstealthy
A: talons 2, rugged brown scales 2, demonic guardian 1
a: Depart the Abyss, Bend Space, Banish, Renounce Religion


You were on level 5 of the Dungeon.
You worshipped Lugonu.
Lugonu was most pleased with you.
You were not hungry.

You visited 1 branch of the dungeon, and saw 5 of its levels.
You visited the Abyss 1 time.

You collected 209 gold pieces.

Inventory:

Hand Weapons
 a - a +2 hand axe
 d - the +1 flail "Transmigrator" (weapon) {elec, rC++ MR- MP+9 Int+4}
   (You found it on level 2 of the Abyss)

   Occasionally, upon striking a foe, it will discharge some electrical energy
   and cause terrible harm.
   It affects your intelligence (+4).
   It greatly protects you from cold.
   It affects your resistance to hostile enchantments.
   It affects your magic capacity (+9).
Missiles
 s - 16 tomahawks (quivered)
Armour
 m - a +0 scale mail (worn)
 p - a +0 cloak (worn)
 t - a +0 helmet (worn)
Jewellery
 f - a ring of magical power (left hand)
 u - the brooch of Shielding (around neck) {Reflect SH+8}
   (You found it on level 4 of the Dungeon)

   [amulet of reflection]

   It shields you and reflects attacks.
   It affects your SH (+8).
Scrolls
 g - 2 scrolls of identify
 o - a scroll of remove curse
Potions
 b - a potion of agility {unknown}
 e - a potion of flight {unknown}
 h - a potion of degeneration
 i - a potion of brilliance
 k - 2 potions of curing
 l - a potion of magic {unknown}
 q - a potion of heal wounds {unknown}
Comestibles
 c - 2 bread rations
 j - 2 beef jerkies
 n - 3 meat rations
 r - a slice of pizza
 v - 5 chunks of flesh


   Skills:
 + Level 4.4(3.0) Fighting
 + Level 2.0(1.3) Axes
 + Level 2.7(1.7) Maces & Flails
 * Level 5.5(4.1) Armour
 + Level 4.6(3.2) Dodging
 + Level 2.6(1.3) Invocations


You had 6 spell levels left.
You didn't know any spells.

Dungeon Overview and Level Annotations

Branches:
Dungeon (5/15)
 Temple: D:4-7

Altars:
Ashenzari
Okawaru

Annotations:
D:5 Dowan; Drunkenshrew's ghost, novice DrSk


Innate Abilities, Weirdness & Mutations

You have razor-sharp toenails.
You are mostly covered in rugged brown scales (AC +2, +5% HP).
A weak demonic guardian rushes to your aid.


Message History

You closely miss Drunkenshrew's ghost. The hound bites you but does no damage.
You block the hound's attack.
Drunkenshrew's ghost breathes negative energy at you.
The bolt of negative energy hits you!
You feel drained.
Your white imp barely misses Drunkenshrew's ghost.
Unknown command.
You hit Drunkenshrew's ghost.
You claw Drunkenshrew's ghost, but do no damage.
Drunkenshrew's ghost is lightly damaged.
The hound bites you.
Drunkenshrew's ghost hits you but does no damage.
The hound barely misses you.
Your white imp hits Drunkenshrew's ghost but does no damage.
The hound bites your white imp but does no damage.
Drunkenshrew's ghost breathes negative energy at you.
The bolt of negative energy hits your white imp.
Your white imp completely resists.
The bolt of negative energy hits you!
You feel drained.
Ouch! That really hurt!
You die...

########..#.......#......
..........#.......#......
..................+......
.........##.......#......
..................#......
.####.#..##.#####.#
#.#..##..... ..
#........## #...@##..#
#...5###... #..Wh# ##
#....# #....# #....#
#..#.# ...... #... .#


You could see a hound, Drunkenshrew's ghost and a friendly white imp.

Vanquished Creatures
  Menkaure (D:4)
  A phantom (D:4)
  The ghost of Ginkk the Skirmisher, an amateur DsAK of Lugonu (D:3)
  An ogre (D:4)
  A big kobold (D:4)
  2 scorpions (D:4)
  A crimson imp (D:5)
  2 orc priests (D:3)
  A hound (D:4)
  Crazy Yiuf (D:2)
  A worker ant (D:4)
  5 orc wizards
  5 adders (D:4)
  2 oozes (D:2)
  2 giant geckos
  22 orcs
  2 ball pythons
  5 giant cockroaches
  7 goblins
  14 hobgoblins
  8 jackals
  2 quokkas
  8 bats
  3 giant newts
  22 kobolds
  2 rats
122 creatures vanquished.

Vanquished Creatures (collateral kills)
  An orc (D:3)
  2 kobolds (D:4)
3 creatures vanquished.

Vanquished Creatures (others)
  A kobold (D:4)
  2 plants (D:4)
3 creatures vanquished.

Grand Total: 128 creatures vanquished

Notes
Turn   | Place    | Note
--------------------------------------------------------------
     0 | Abyss:1  | Gargoyl the Demonspawn Abyssal Knight began the quest for the Orb.
     0 | Abyss:1  | Reached XP level 1. HP: 18/18 MP: 2/2
     7 | Abyss:1  | Noticed a crimson imp
     7 | Abyss:1  | Noticed a crimson imp
     7 | Abyss:1  | Noticed a crimson imp
     8 | Abyss:1  | Found a corrupted altar of Lugonu.
    27 | Abyss:2  | Got an ebony flail
    28 | Abyss:2  | Identified the cursed +1 flail "Transmigrator" {elec, rC++ MR- MP+9 Int+4} (You found it on level 2 of the Abyss)
    41 | Abyss:2  | Noticed a blizzard demon
    46 | D:1      | Escaped the Abyss
   241 | D:1      | Reached skill level 1 in Dodging
   695 | D:1      | Reached * piety under Lugonu
   695 | D:1      | Gained mutation: You are partially covered in rugged brown scales (AC +1, +3% HP). [demonic ancestry]
   695 | D:1      | Reached XP level 2. HP: 9/24 MP: 3/3
  1023 | D:1      | Reached skill level 2 in Armour
  1415 | D:2      | Found a shattered altar of Ashenzari.
  1465 | D:2      | Reached XP level 3. HP: 25/29 MP: 4/4
  1614 | D:2      | Noticed Crazy Yiuf
  1618 | D:2      | Killed Crazy Yiuf
  1618 | D:2      | Gained mutation: You have sharp toenails. [demonic ancestry]
  1618 | D:2      | Reached XP level 4. HP: 36/36 MP: 5/5
  1674 | D:2      | Found a faded altar to an unknown god.
  1861 | D:3      | Reached skill level 1 in Maces & Flails
  1864 | D:3      | Reached ** piety under Lugonu
  2106 | D:3      | Gained mutation: A weak demonic guardian rushes to your aid. [demonic ancestry]
  2106 | D:3      | Reached XP level 5. HP: 21/43 MP: 6/6
  2293 | D:3      | Noticed Ginkk's ghost (amateur DsAK)
  2320 | D:3      | Killed Ginkk's ghost
  2320 | D:3      | Reached skill level 3 in Armour
  2320 | D:3      | Gained mutation: You have razor-sharp toenails. [demonic ancestry]
  2320 | D:3      | Reached XP level 6. HP: 19/49 MP: 7/7
  3254 | D:4      | Found an iron altar of Okawaru.
  3621 | D:4      | Reached *** piety under Lugonu
  3621 | D:4      | Reached skill level 4 in Armour
  3941 | D:4      | Noticed Menkaure
  4837 | D:4      | Killed Menkaure
  4837 | D:4      | Gained mutation: You are mostly covered in rugged brown scales (AC +2, +5% HP). [demonic ancestry]
  4837 | D:4      | Reached XP level 7. HP: 17/56 MP: 8/8
  5222 | D:4      | Reached skill level 5 in Armour
  5672 | D:5      | Entered Level 5 of the Dungeon
  5675 | D:5      | Noticed Dowan
  5851 | D:5      | Noticed Drunkenshrew's ghost (novice DrSk)
  5859 | D:5      | Killed from afar by Drunkenshrew's ghost

Skill      XL: |  1  2  3  4  5  6  7 |
---------------+----------------------+-----
Dodging        | 1 2 3 4 |  4.6
Armour         | 2 3 4 5 |  5.5
Maces & Flails | 1 2 |  2.7
Fighting       | 4 |  4.4
Axes           | 2 |  2.0
Invocations    | |  2.6

Action                   |  1- 3 |  4- 6 |  7- 9 || total
-------------------------+-------+-------+-------++-------
Melee: Flail             |   100 |   222 |    47 ||   369
       Kick              |       |    37 |    22 ||    59
       Hand axe          |       |       |    32 ||    32
Throw: Tomahawk          |       |     1 |       ||     1
Invok: Depart the Abyss  |     1 |       |       ||     1
  Use: Scroll            |     5 |     2 |     2 ||     9
       Potion            |       |     7 |       ||     7
  Eat: Chunk             |     2 |     8 |     2 ||    12
       Bread ration      |       |     1 |       ||     1
Armor: Scale mail        |    72 |   140 |    50 ||   262
Dodge: Dodged            |    79 |   186 |    62 ||   327
Block: Other             |       |       |    11 ||    11
